 Dungeon Sprint DCSS version 0.21-a0-364-gbd1fde4 (webtiles) character file.

7973 Kidiri the Basher (level 11, -6/120 HPs)
             Began as a Troll Hunter on Oct 14, 2017.
             Was a High Priest of Trog.
             Mangled by a catoblepas (13 damage)
             ... in the Dungeon (Sprint IX: "|||||||||||||||||||||||||||||").
             The game lasted 00:05:38 (1010 turns).

Kidiri the Basher (Troll Hunter)                    Turns: 1010, Time: 00:05:38

Health: -6/120     AC: 11    Str: 25    XL:     11   Next: 3%
Magic:  10/10      EV:  1    Int:  7    God:    Trog [*****.]
Gold:   0          SH:  0    Dex: 11    Spells: 10/10 levels left

rFire    . . .     SeeInvis .   a - +2 dire flail (protect)
rCold    . . .     Gourm    +   (shield currently unavailable)
rNeg     + + +     Faith    .   q - +0 troll leather armour
rPois    ∞         Spirit   .   (helmet restricted)
rElec    .         Reflect  .   c - +0 cloak
rCorr    .         Harm     .   (gloves unavailable)
MR       .....     NoTele   +   (boots unavailable)
Stlth    +++.......             (no amulet)
HPRegen  1.10/turn              o - +3 ring of strength
MPRegen  0.12/turn              p - +2 ring of protection

@: petrified, berserk cooldown, slowed
A: unfitting armour, claws 3, blurry vision 1, fast metabolism 3, gourmand,
regeneration 1, screaming 1, shaggy fur 1, tough skin 2, weak 1, subdued magic 1
a: Berserk, Trog's Hand, Brothers in Arms, Burn Spellbooks, Renounce Religion


You were in the Dungeon.
You worshipped Trog.
Trog was extremely pleased with you.
You were very full.

You visited 1 branch

Inventory:

Hand Weapons
 a - a +2 dire flail of protection (weapon)
Missiles
 e - 8 large rocks (quivered)
 x - 7 silver javelins
 y - 8 javelins of returning
 z - 3 exploding tomahawks
Armour
 c - a +0 cloak (worn)
 q - a +0 troll leather armour (worn)
Jewellery
 o - a +3 ring of strength (left claw)
 p - a +2 ring of protection (right claw)
Wands
 m - a wand of lightning (7/15)
Scrolls
 k - 2 scrolls of blinking
 l - 3 scrolls of remove curse
 t - 4 scrolls of identify
 u - a scroll of fog
 v - a scroll of recharging
 w - a scroll of fear
Potions
 b - 2 potions of haste
 g - a potion of invisibility
 h - 2 potions of heal wounds
 i - 4 potions of magic
 j - 5 potions of curing
 n - a potion of berserk rage
 r - a potion of resistance
 s - 2 potions of might
Comestibles
 d - 8 chunks of flesh
 f - 2 bread rations


   Skills:
 * Level 11.0 Fighting
 * Level 11.1 Maces & Flails
 + Level 9.7 Throwing
 + Level 7.7 Armour
 * Level 11.0 Dodging
 + Level 5.9 Stealth


You had 10 spell levels left.
You didn't know any spells.

Dungeon Overview and Level Annotations

Branches:
Dungeon (1/1)

Altars:
Cheibriados
Dithmenos
Elyvilon
Fedhas
Gozag
Hepliaklqana
Kikubaaqudgha
Makhleb
Nemelex Xobeh
Okawaru
Qazlal
Ru
Sif Muna
Trog
Uskayaw
Vehumet
Wu Jian
Xom
Yredelemnul
Zin
The Shining One
Beogh
Jiyva
Lugonu


Innate Abilities, Weirdness & Mutations

You are too large for most types of armour.
You have claws for hands.
Your metabolism is lightning-fast.
You like to eat raw meat.
Your natural rate of healing is unusually fast.
You are covered in fur. (AC +1)
You have very tough skin. (AC +2)
Scrolls take you a little longer to read.
You occasionally shout uncontrollably at your foes.
You are weak. (Str -2)
Your spells are a little easier to cast, but a little less powerful.


Message History

Unknown command.
Unknown command.
You are engulfed in calcifying dust.
You are slowing down.
The catoblepas breathes a plume of calcifying dust at you.
The blast of calcifying dust hits you!
Unknown command.
You have turned to stone.
The catoblepas breathes a plume of calcifying dust at you.
The blast of calcifying dust hits you!
The catoblepas breathes a plume of calcifying dust at you.
The blast of calcifying dust hits the catoblepas.
The blast of calcifying dust hits you!
You are engulfed in calcifying dust.
The catoblepas gores you!!
* * * LOW HITPOINT WARNING * * *
The catoblepas breathes a plume of calcifying dust at you.
The blast of calcifying dust hits the catoblepas.
The blast of calcifying dust hits you!
You are engulfed in calcifying dust.
The catoblepas gores you!!
You die...

▓▓▓▓▓▓▓▓▓▓▓▓▓▓▓▓▓▓▓▓▓▓▓▓▓▓▓▓
'%........'.%§§.@YYYYY....Y.
▓▓▓▓▓▓▓▓▓▓▓▓▓▓▓▓▓▓▓▓▓▓▓▓▓▓▓▓▓▓▓▓▓
.................................
▓▓▓▓▓▓▓▓▓▓▓▓▓▓▓▓▓▓▓▓▓▓▓▓▓▓▓▓▓▓▓▓▓
____________________'.?|)[.[..'[.
▓▓▓▓▓▓▓▓▓▓▓▓▓▓▓▓▓▓▓▓▓▓▓▓▓▓▓▓▓▓▓▓▓


You could see a death yak, 2 catoblepae and 2 yaks.

Vanquished Creatures
  2 hydras (D)
  A catoblepas (D)
  A centaur warrior (D)
  2 death yaks (D)
  An unseen horror (D)
  2 black mambas (D)
  3 spiny frogs (D)
  A polar bear (D)
  2 trolls (D)
  A dream sheep (D)
  A yak (D)
  A soldier ant (D)
  2 water moccasins (D)
  A wolf (D)
  A centaur (D)
  2 crocodiles (D)
  4 bullfrogs (D)
  A scorpion (D)
  2 crimson imps (D)
  A hound (D)
  A shadow imp (D)
  An ooze (D)
  A leopard gecko (D)
  An orc (D)
  2 giant cockroaches (D)
  A hobgoblin (D)
  A quokka (D)
  A frilled lizard (D)
  A rat (D)
42 creatures vanquished.

Vanquished Creatures (others)
  A sky beast (D)
1 creature vanquished.

Grand Total: 43 creatures vanquished

Notes
Turn   | Place    | Note
-------+----------+-------------------------------------------
     0 | D        | Kidiri the Troll Hunter began the quest for the Orb.
     0 | D        | Reached XP level 1. HP: 19/19 MP: 0/0
    15 | D        | Reached XP level 2. HP: 26/28 MP: 1/1
   132 | D        | Noticed a crimson imp
   132 | D        | Noticed a crimson imp
   154 | D        | Killed a crimson imp
   154 | D        | Reached skill level 1 in Armour
   154 | D        | Reached skill level 1 in Stealth
   154 | D        | Reached XP level 3. HP: 21/37 MP: 2/2
   159 | D        | Reached skill level 5 in Throwing
   159 | D        | Reached XP level 4. HP: 11/48 MP: 3/3
   198 | D        | Found a roughly hewn altar of Beogh.
   198 | D        | Found a snail-covered altar of Cheibriados.
   198 | D        | Found a shadowy altar of Dithmenos.
   198 | D        | Found a white marble altar of Elyvilon.
   198 | D        | Found a blossoming altar of Fedhas.
   198 | D        | Found an opulent altar of Gozag.
   199 | D        | Found a hazy altar of Hepliaklqana.
   200 | D        | Found a viscous altar of Jiyva.
   201 | D        | Found an ancient bone altar of Kikubaaqudgha.
   202 | D        | Found a corrupted altar of Lugonu.
   203 | D        | Found a burning altar of Makhleb.
   204 | D        | Found a sparkling altar of Nemelex Xobeh.
   205 | D        | Found an iron altar of Okawaru.
   206 | D        | Found a stormy altar of Qazlal.
   207 | D        | Found a sacrificial altar of Ru.
   208 | D        | Found a deep blue altar of Sif Muna.
   209 | D        | Found a bloodstained altar of Trog.
   210 | D        | Found a hide-covered altar of Uskayaw.
   211 | D        | Found a radiant altar of Vehumet.
   212 | D        | Found an ornate altar of the Wu Jian Council.
   213 | D        | Found a shimmering altar of Xom.
   214 | D        | Found a basalt altar of Yredelemnul.
   215 | D        | Found a glowing silver altar of Zin.
   216 | D        | Found a glowing golden altar of the Shining One.
   217 | D        | Became a worshipper of Trog the Wrathful
   256 | D        | Noticed a troll
   256 | D        | Noticed a water moccasin
   256 | D        | Noticed a soldier ant
   260 | D        | Killed a troll
   260 | D        | Reached skill level 5 in Fighting
   260 | D        | Reached skill level 5 in Dodging
   260 | D        | Reached XP level 5. HP: 57/57 MP: 4/4
   260 | D        | Reached XP level 6. HP: 66/66 MP: 5/5
   263 | D        | Killed a water moccasin
   272 | D        | Reached * piety under Trog
   282 | D        | Killed a soldier ant
   282 | D        | Reached ** piety under Trog
   282 | D        | Reached skill level 5 in Maces & Flails
   282 | D        | Reached XP level 7. HP: 70/76 MP: 6/6
   312 | D        | Noticed a centaur warrior
   312 | D        | Noticed a troll
   321 | D        | Killed a centaur warrior
   321 | D        | Reached XP level 8. HP: 87/87 MP: 7/7
   330 | D        | Killed a troll
   330 | D        | Reached skill level 5 in Armour
   334 | D        | Killed an unseen horror
   344 | D        | Reached *** piety under Trog
   344 | D        | Reached XP level 9. HP: 89/97 MP: 8/8
   349 | D        | Received a gift from Trog
   376 | D        | Gained mutation: Your spells are a little easier to cast, but a little less powerful. [mutagenic meat]
   378 | D        | Gained mutation: Scrolls take you a little longer to read. [mutagenic meat]
   379 | D        | Gained mutation: You are weak. (Str -2) [mutagenic meat]
   380 | D        | Gained mutation: You occasionally shout uncontrollably at your foes. [mutagenic meat]
   693 | D        | Noticed a spiny frog
   693 | D        | Noticed a spiny frog
   693 | D        | Noticed a spiny frog
   693 | D        | Noticed a black mamba
   699 | D        | Noticed a five-headed hydra
   701 | D        | Killed a spiny frog
   720 | D        | Killed a five-headed hydra
   726 | D        | Killed a spiny frog
   726 | D        | Reached **** piety under Trog
   726 | D        | Received a gift from Trog
   733 | D        | Killed a spiny frog
   733 | D        | Reached skill level 5 in Stealth
   737 | D        | Killed a black mamba
   737 | D        | Received a gift from Trog
   737 | D        | Reached XP level 10. HP: 101/109 MP: 9/9
   793 | D        | Noticed a black mamba
   793 | D        | Noticed a five-headed hydra
   809 | D        | Killed a five-headed hydra
   809 | D        | Reached ***** piety under Trog
   809 | D        | Reached skill level 10 in Fighting
   809 | D        | Reached skill level 10 in Maces & Flails
   809 | D        | Reached skill level 10 in Dodging
   824 | D        | Killed a black mamba
   824 | D        | Received a gift from Trog
   825 | D        | Received a gift from Trog
   969 | D        | Noticed a death yak
   969 | D        | Noticed a death yak
   969 | D        | Noticed a catoblepas
   969 | D        | Noticed a catoblepas
   973 | D        | Noticed a catoblepas
   976 | D        | Killed a death yak
   976 | D        | Received a gift from Trog
   977 | D        | Noticed a death yak
   983 | D        | Killed a death yak
   991 | D        | Killed a catoblepas
   991 | D        | Reached XP level 11. HP: 100/120 MP: 10/10
  1009 | D        | HP: 6/120 [catoblepas (13)]
  1010 | D        | Mangled by a catoblepas

Vault maps used:
D:        linesprint

Skill      XL: |  1  2  3  4  5  6  7  8  9 10 |
---------------+-------------------------------+-----
Fighting       | 2 3 5 6 7 8 9 11 | 11.0
Throwing       | 4 5 6 7 8 9 |  9.7
Dodging        | 2 3 5 6 7 8 9 11 | 11.0
Armour         | 1 2 3 4 5 6 7 |  7.7
Stealth        | 1 2 3 4 5 |  5.9
Maces & Flails | 3 5 6 8 9 11 | 11.1

Action                   |  1- 3 |  4- 6 |  7- 9 | 10-12 || total
-------------------------+-------+-------+-------+-------++-------
Melee: Unarmed           |    33 |     5 |       |       ||    38
       Dire flail        |       |    21 |    74 |    85 ||   180
Throw: Large rock        |     5 |     2 |       |       ||     7
       Throwing net      |       |     2 |     1 |       ||     3
Invok: Berserk           |       |       |     2 |     2 ||     4
       Trog's Hand       |       |       |     2 |     2 ||     4
       Brothers in Arms  |       |       |       |     2 ||     2
  Use: Potion            |     3 |     1 |       |       ||     4
 Stab: Held in net/web   |       |       |     1 |       ||     1
  Eat: Chunk             |     2 |     1 |    13 |     6 ||    22
Armor: Robe              |    16 |    12 |       |       ||    28
       Troll leather arm |       |       |    45 |    25 ||    70
Dodge: Dodged            |    22 |    15 |    28 |    51 ||   116

Table legend:
 A = Spawn XP
 B = Non-spawn XP
 C = Spawn XP percentage of total XP
 D = Spawn monster count
 E = Non-spawn monster count
 F = Spawn count percentage of total count
 G = Total turns spent on level
                    A         B        C        D         E        F      G
               +---------+---------+-------+---------+---------+-------+---------
         Total |       0 |   11391 |   0.0 |       0 |      42 |   0.0 |  1010
               +---------+---------+-------+---------+---------+-------+---------
             D |       0 |   11391 |   0.0 |       0 |      42 |   0.0 |  1010
               +---------+---------+-------+---------+---------+-------+---------
